 Dungeon Crawl Stone Soup version 0.16.2-12-gd0ad4c3 (webtiles) character file.

10453 schauveau the Geomancer (level 11, -2/64 HPs)
             Began as a Gargoyle Earth Elementalist on Oct 30, 2015.
             Was a Priest of Vehumet.
             Slain by a hill giant
             ... wielding a cursed -1 giant club
              (25 damage)
             ... on level 10 of the Dungeon.
             The game lasted 01:04:56 (12255 turns).

schauveau the Geomancer (GrEE)                     Turns: 12255, Time: 01:04:56

Health: -2/64      AC: 14    Str: 13    XL:     11   Next: 62%
Magic:  25/37      EV: 12    Int: 24    God:    Vehumet [***...]
Gold:   579        SH:  0    Dex: 10    Spells: 5 memorised, 12 levels left

rFire  . . .     SeeInvis .     j - staff of wizardry
rCold  . . .     Clarity  .     i - +0 robe
rNeg   + + .     SustAb   .     (no shield)
rPois  ∞         Gourm    .     (no helmet)
rElec  +         Spirit   .     (no cloak)
rCorr  .         Warding  +     t - +1 pair of gloves
rMut   .         Stasis   .     z - +2 pair of boots
MR     .....                    y - amulet of warding
Stlth  ++........               s - ring of magical power
                                o - +6 ring of intelligence (curse)

@: not resistant to hostile enchantments, unstealthy
A: negative energy resistance 1, electricity resistance, unbreathing,
petrification resistance, rot immunity, AC +7
a: Renounce Religion


You were on level 10 of the Dungeon.
You worshipped Vehumet.
Vehumet was most pleased with you.
You were not hungry.

You visited 2 branches of the dungeon, and saw 12 of its levels.

You collected 579 gold pieces.

Inventory:

Hand weapons
 a - a +2 flail
 k - a +4 dagger
 l - a +0 dagger of electrocution
 m - a cursed -3 spear
 q - the -2 whip of the Poles {venom, rN++ Str+3}
   (You found it on level 8 of the Dungeon)

   It poisons the flesh of those it strikes.
   It affects your strength (+3).
   It greatly protects you from negative energy.
 w - a +2 war axe
 A - a +1 halberd
 O - a +0 flail of holy wrath
Missiles
 b - 339 stones
 v - 22 poisoned needles
 L - 5 tomahawks (quivered)
Armour
 i - a +0 robe (worn)
 t - a +1 pair of gloves (worn)
 z - a +2 pair of boots (worn)
Magical staves
 j - an uncursed staff of wizardry (weapon)
 W - an uncursed staff of power
Jewellery
 h - a +5 ring of intelligence
 o - a cursed +6 ring of intelligence (left hand)
 s - a ring of magical power (right hand)
 x - an uncursed ring of wizardry
 y - an amulet of warding (around neck)
 P - a +3 ring of strength
 R - an uncursed ring of see invisible
Magical devices
 H - a wand of polymorph (15)
 I - a wand of cold (7)
 U - a wand of lightning (3)
 X - a wand of confusion (33)
 Z - a wand of heal wounds (6)
Scrolls
 D - a scroll of recharging
 G - 2 scrolls of magic mapping
 J - a scroll of enchant weapon
Potions
 c - 3 potions of might
 g - a potion of curing {unknown}
 n - a potion of mutation {unknown}
 p - 2 potions of agility
 u - 2 potions of cure mutation {unknown}
 E - a potion of brilliance {unknown}
 F - 2 potions of restore abilities
 K - a potion of ambrosia {unknown}
 M - a potion of lignification {unknown}
 N - 2 potions of invisibility
 Q - a potion of haste {unknown}
 S - a potion of magic {unknown}
Books
 d - a book of Geomancy

   Spells                             Type                      Level
   a - Sandblast                      Earth                        1
   b - Stoneskin                      Transmutation/Earth          2
   c - Passwall                       Transmutation/Earth          3
   d - Stone Arrow                    Conjuration/Earth            3
   e - Petrify                        Transmutation/Earth          4
   f - Lee's Rapid Deconstruction     Earth                        5
 r - a book of Clouds

   Spells                             Type                      Level
   a - Mephitic Cloud                 Conjuration/Poison/Air       3
   b - Conjure Flame                  Conjuration/Fire             3
   c - Poisonous Cloud                Conjuration/Poison/Air       6
   d - Freezing Cloud                 Conjuration/Ice/Air          6
   e - Ring of Flames                 Charms/Fire                  7
 V - a book of Air

   Spells                             Type                      Level
   a - Shock                          Conjuration/Air              1
   b - Swiftness                      Charms/Air                   2
   c - Repel Missiles                 Charms/Air                   2
   d - Flight                         Charms/Air                   3
   e - Static Discharge               Conjuration/Air              3
   f - Lightning Bolt                 Conjuration/Air              5
Comestibles
 e - 5 bread rations
 T - a meat ration


   Skills:
 + Level 5.4 Fighting
 - Level 0.6 Short Blades
 + Level 5.4 Maces & Flails
 - Level 1.9 Dodging
 - Level 2.3 Stealth
 * Level 9.2 Spellcasting
 + Level 8.5 Conjurations
 - Level 0.7 Transmutations
 + Level 1.7 Fire Magic
 + Level 12.1 Earth Magic
 + Level 2.0 Evocations


You had 12 spell levels left.
You knew the following spells:

 Your Spells              Type           Power        Failure   Level  Hunger
a - Lee's Rapid Deconstr  Erth           ######....   1%          5    ####...
b - Stone Arrow           Conj/Erth      ######       1%          3    None
c - Conjure Flame         Conj/Fire      #####...     1%          3    None
d - Sandblast             Erth           ######       1%          1    None
e - Petrify               Trmt/Erth      #####...     1%          4    ##.....


Dungeon Overview and Level Annotations

Branches:
Dungeon (11/15)            Temple (1/1) D:7             Orc (0/4) D:10
   Lair: D:8-11

Altars:
Ashenzari
Cheibriados
Dithmenos
Elyvilon
Fedhas
Gozag
Kikubaaqudgha
Makhleb
Nemelex Xobeh
Okawaru
Qazlal
Ru
Sif Muna
Trog
Vehumet
Xom
Yredelemnul
Zin
The Shining One


Innate Abilities, Weirdness & Mutations

You are resistant to torment.
You are immune to poison.
Your stone body is very resilient (AC +7).
You resist negative energy.
You are resistant to electric shocks.
You can survive without breathing.
You are immune to petrification.
You are immune to rotting.


Message History

The hill giant shouts!
The hill giant hits you with a giant club!!
You see here 3 chunks of flesh.
Casting: Stone Arrow
Confirm with . or Enter, or press ? or * to list all spells.
Okay, then.
Drink which item? (? for menu, Esc to quit)
Okay, then.
Unknown command.
Read which item? (? for menu, Esc to quit)
Okay, then.
Unknown command.
Casting: Stone Arrow
Confirm with . or Enter, or press ? or * to list all spells.
Aiming: Petrify
Press: ? - help, Shift-Dir - straight line, f - hill giant
Aim: a hill giant, wielding a giant club (chance 50%)
The hill giant resists with significant effort.
The hill giant hits you with a giant club!!
You die...

#.........# ########...
#..# ### #..# #...o#####
#... #o..)..# #.##
##.###.########## #...
#.##.......# ###.
#...@C..##.# #.
.#########.##).#.## #.
...........##.....# #.
(##........#...)..#
######.
#........#.#.#..###......
#..............<.........
##........#......###......
...........#....#.#
######.
###....<.}#....#.## #.


You could see a hill giant.

Vanquished Creatures
  The ghost of PikaSir the Cleaver, an experienced DDFi of Okawaru (D:8)
  The ghost of schauveau the Geomancer, an experienced GrEE of Vehumet (D:7)
  Erolcha (D:10)
  2 hill giants (D:11)
  2 two-headed ogres (D:8)
  A troll (D:11)
  Grinder (D:4)
  Prince Ribbit (D:5)
  2 deep elf magi (D:9)
  A wyvern (D:4)
  3 hippogriffs
  Menkaure (D:6)
  A water moccasin (D:9)
  2 ice beasts
  An eye of draining (D:10)
  3 necrophages
  2 phantoms
  4 ogres
  3 sky beasts
  8 orc warriors
  4 centaurs
  Sigmund (D:3)
  6 giant frogs
  6 scorpions
  4 killer bees (D:8)
  12 wights
  A water moccasin skeleton (D:7)
  A goliath beetle (D:6)
  A quasit (D:10)
  11 hounds
  4 crimson imps
  2 giant frog zombies
  6 orc priests
  9 orc wizards
  A centaur zombie (D:10)
  A giant frog skeleton (D:6)
  3 jellies
  A centaur skeleton (D:9)
  9 iguanas
  7 worker ants
  A hound skeleton (D:10)
  A mummy (D:9)
  A worker ant zombie (D:9)
  7 gnolls
  14 adders
  3 shadow imps (D:7)
  2 giant mites
  2 adder zombies
  45 orcs
  14 bats
  2 bat skeletons
  5 giant cockroaches
  17 hobgoblins
  9 jackals
  9 quokkas
  5 giant geckos
  6 giant newts
  9 goblins
  16 kobolds
  A quokka skeleton (D:8)
  A quokka zombie (D:6)
  21 rats
322 creatures vanquished.

Vanquished Creatures (others)
  A fungus (D:11)
  A plant (D:11)
2 creatures vanquished.

Grand Total: 324 creatures vanquished

Notes
Turn   | Place    | Note
--------------------------------------------------------------
     0 | D:1      | schauveau, the Gargoyle Earth Elementalist, began the quest for the Orb.
     0 | D:1      | Reached XP level 1. HP: 10/10 MP: 3/3
   561 | D:1      | Reached skill level 4 in Earth Magic
   561 | D:1      | Reached XP level 2. HP: 15/15 MP: 2/4
   821 | D:2      | Reached XP level 3. HP: 7/19 MP: 0/6
  1374 | D:2      | Learned a level 3 spell: Stone Arrow
  1377 | D:2      | Learned a level 2 spell: Stoneskin
  1490 | D:2      | Reached XP level 4. HP: 24/24 MP: 8/8
  1809 | D:2      | Reached skill level 5 in Earth Magic
  2037 | D:3      | Reached XP level 5. HP: 28/28 MP: 11/11
  2164 | D:3      | Reached skill level 1 in Conjurations
  2421 | D:3      | Noticed Sigmund
  2725 | D:4      | Found a burning altar of Makhleb.
  2732 | D:4      | Found a glowing golden altar of the Shining One.
  2745 | D:4      | Found a snail-covered altar of Cheibriados.
  2745 | D:4      | Found a shimmering altar of Xom.
  2745 | D:4      | Found a basalt altar of Yredelemnul.
  2746 | D:4      | Found a sparkling altar of Nemelex Xobeh.
  2748 | D:4      | Found a bloodstained altar of Trog.
  2750 | D:4      | Found a stormy altar of Qazlal.
  2865 | D:4      | Found an iron altar of Okawaru.
  2874 | D:4      | Found a blossoming altar of Fedhas.
  2890 | D:4      | Reached XP level 6. HP: 32/32 MP: 13/13
  3085 | D:4      | Reached skill level 6 in Earth Magic
  3167 | D:4      | Noticed Grinder
  3170 | D:4      | Paralysed by Grinder for 5 turns
  3178 | D:4      | Killed Grinder
  3178 | D:4      | Reached XP level 7. HP: 22/36 MP: 15/15
  3181 | D:5      | Entered Level 5 of the Dungeon
  3535 | D:3      | Killed Sigmund
  3535 | D:3      | Reached skill level 7 in Earth Magic
  3794 | D:3      | Learned a level 5 spell: Lee's Rapid Deconstruction
  4074 | D:4      | Noticed a wyvern
  4079 | D:4      | Killed a wyvern
  4204 | D:4      | Noticed a necrophage
  4211 | D:4      | Killed a necrophage
  4211 | D:4      | Reached skill level 8 in Earth Magic
  4504 | D:5      | Reached XP level 8. HP: 41/41 MP: 18/18
  4616 | D:5      | Noticed Prince Ribbit
  4620 | D:5      | Killed Prince Ribbit
  4699 | D:5      | Reached skill level 9 in Earth Magic
  5023 | D:5      | Reached skill level 5 in Spellcasting
  5023 | D:5      | Reached skill level 5 in Conjurations
  5346 | D:6      | Reached XP level 9. HP: 42/45 MP: 21/21
  5390 | D:6      | Reached skill level 10 in Earth Magic
  5544 | D:6      | Noticed a hippogriff
  5553 | D:6      | Killed a hippogriff
  5626 | D:6      | Noticed Menkaure
  5810 | D:6      | Killed Menkaure
  5870 | D:6      | Learned a level 4 spell: Petrify
  6347 | D:6      | Reached skill level 1 in Fighting
  6347 | D:6      | Reached skill level 1 in Maces & Flails
  6953 | D:7      | Found a staircase to the Ecumenical Temple.
  6961 | Temple   | Entered the Ecumenical Temple
  6991 | Temple   | Became a worshipper of Vehumet
  7329 | D:7      | Found a deep blue altar of Sif Muna.
  7502 | D:7      | Noticed schauveau's ghost (experienced GrEE)
  7516 | D:7      | Killed schauveau's ghost
  7516 | D:7      | Reached skill level 11 in Earth Magic
  7516 | D:7      | Reached XP level 10. HP: 21/56 MP: 19/25
  7970 | D:7      | Got a smoking war axe
  7971 | D:7      | Identified the +5 war axe of Ancient Evil {drain, -Cast MR- Int+4 Dex+3} (You found it on level 7 of the Dungeon)
  8300 | D:8      | Got a slimy whip
  8302 | D:8      | Identified the cursed -2 whip of the Poles {venom, rN++ Str+3} (You found it on level 8 of the Dungeon)
  8566 | D:8      | Found a white marble altar of Elyvilon.
  8856 | D:8      | Noticed PikaSir's ghost (experienced DDFi)
  9589 | D:8      | Acquired Vehumet's first power
  9589 | D:8      | Offered knowledge of Freeze by Vehumet.
  9627 | D:8      | Killed PikaSir's ghost
 10026 | D:9      | Reached XP level 11. HP: 59/62 MP: 27/27
 10115 | D:9      | Learned a level 3 spell: Conjure Flame
 10297 | D:10     | Entered Level 10 of the Dungeon
 10874 | D:10     | Offered knowledge of Sting by Vehumet.
 11073 | D:10     | Found a staircase to the Orcish Mines.
 11242 | D:10     | Reached skill level 5 in Maces & Flails
 11249 | D:10     | Reached skill level 1 in Evocations
 11255 | D:10     | Noticed Erolcha
 11399 | D:11     | Noticed a hill giant
 11407 | D:11     | Killed a hill giant
 11407 | D:11     | Reached skill level 1 in Fire Magic
 11581 | D:11     | Noticed a hill giant
 11588 | D:11     | Reached skill level 5 in Fighting
 11591 | D:11     | Killed a hill giant
 11591 | D:11     | Reached skill level 12 in Earth Magic
 11628 | D:10     | Killed Erolcha
 12011 | D:10     | Offered knowledge of Searing Ray by Vehumet.
 12205 | D:10     | Acquired Vehumet's second power
 12251 | D:10     | Noticed a hill giant
 12255 | D:10     | Slain by a hill giant

Action                   |  1- 3 |  4- 6 |  7- 9 | 10-12 || total
-------------------------+-------+-------+-------+-------++-------
Melee: Short sword       |    76 |    44 |       |       ||   120
       Dagger            |       |    11 |    38 |    22 ||    71
       Flail             |       |       |    45 |     5 ||    50
       Whip              |       |       |       |    68 ||    68
       Staff             |       |       |       |    40 ||    40
 Cast: Sandblast         |    30 |    67 |   108 |    10 ||   215
       Stone Arrow       |       |       |    37 |   118 ||   155
       Lee's Rapid Decon |       |       |    24 |    66 ||    90
       Stoneskin         |       |       |       |     1 ||     1
       Conjure Flame     |       |       |       |     4 ||     4
       Petrify           |       |       |       |     1 ||     1
  Use: Scroll            |       |     3 |    14 |     9 ||    26
       Potion            |       |       |       |     2 ||     2
 Stab: Sleeping          |       |     1 |       |       ||     1
  Eat: Chunk             |     2 |     3 |     6 |    11 ||    22
       Meat ration       |       |     1 |     1 |     2 ||     4
       Bread ration      |       |     1 |       |     2 ||     3
       Beef jerky        |       |       |     1 |       ||     1
       Pizza             |       |       |       |     1 ||     1
